 Dungeon Crawl Stone Soup version 0.31-a0-865-g3d5d91748a (webtiles) character file.

Game seed: 3862995157624473834

188 D12ThenQuit the Sneak (level 5, -1/36 HPs)
             Began as an Octopode Artificer on Oct 11, 2023.
             Slain by a water moccasin (3 damage)
             ... on level 5 of the Dungeon.
             The game lasted 00:06:41 (2296 turns).

D12ThenQuit the Sneak (Octopode Artificer)          Turns: 2296, Time: 00:06:41

Health: -1/36      AC:  1    Str: 11    XL:     5   Next: 67%
Magic:  5/5        EV: 13    Int: 15    God:
Gold:   144        SH:  0    Dex: 13    Spells: 4/4 levels left

rFire   + . .        a - +0 dagger (elec)
rCold   + . .        (no shield)
rNeg    . . .        (helmet restricted)
rPois   +            (no amulet)
rElec   +            (no ring)
rCorr   +            (no ring)
SInv    .            (no ring)
Will    .....        (no ring)
Stlth   ++++         (no ring)
HPRegen 0.26/turn    (no ring)
MPRegen 0.09/turn    (no ring)
                     (no ring)

%: no passive effects
@: lethally poisoned (-1 -> -6), resistant
A: almost no armour, amphibious, 8 rings, camouflage 1, gelatinous body 1,
(nimble swimmer 1), tentacles
a: no special abilities


You were on level 5 of the Dungeon.
You visited 1 branch of the dungeon, and saw 5 of its levels.

You collected 144 gold pieces.

Inventory:

Hand Weapons
 a - a +0 dagger of electrocution (weapon)
 b - a +0 dagger of venom
 e - a +0 dagger
 h - a +0 mace
 w - a +0 club
Magical Staves
 n - a staff of conjuration
Wands
 c - a wand of charming (13)
 d - a wand of iceblast (1)
 p - a wand of flame (27) (quivered)
Scrolls
 q - a scroll of fear
 r - a scroll of amnesia
 s - a scroll of blinking
 t - a scroll of silence {unknown}
 u - a scroll of enchant armour {unknown}
Potions
 g - a potion of berserk rage {unknown}
 i - a potion of enlightenment {unknown}
 j - a potion of ambrosia {unknown}
 k - a potion of curing {unknown}
 l - a potion of magic {unknown}
 m - a potion of heal wounds {unknown}
 o - a potion of attraction {unknown}


   Skills:
 + Level 3.5 Fighting
 - Level 2.3 Dodging
 - Level 5.0 Stealth
 + Level 1.8 Conjurations
 - Level 3.2 Evocations


You had 4 spell levels left.
You didn't know any spells.
Your spell library contained the following spells:

 Spells                   Type           Power      Damage    Failure   Level
 Necrotise                Necr           0%         1d4       26%         1
 Vampiric Draining        Necr           0%         2d6       63%         3
 Volatile Blastmotes      Fire/Tloc      0%         2d10      63%         3
 Fulminant Prism          Conj/Hex       1%         3d5       88%         4
 Iskenderun's Mystic Bla  Conj/Tloc      2%         2d3       88%         4
 Agony                    Necr           0%         N/A       100%        5


Dungeon Overview and Level Annotations

Branches:
Dungeon (6/15)
 Temple: D:4-7

Altars:

Annotations:
D:2 Terence
D:3 2 transporters, hgbash's ghost, weakling DEVM


Innate Abilities, Weirdness & Mutations

You cannot wear most types of armour.
You are amphibious.
You can wear up to eight rings at the same time.
Your skin changes colour to match your surroundings (Stealth+).
Your rubbery body absorbs attacks. (AC +1, EV +1)
((You are camouflaged when in or above water. (Stealth+)))
You have tentacles for arms and can constrict up to eight enemies at once.


Message History

Your +0 dagger of venom stops dripping with poison.
You hear the crackle of electricity.
a - a +0 dagger of electrocution (weapon)
You barely miss the water moccasin. Your grab misses the water moccasin.
Your squeeze misses the water moccasin.
The water moccasin is moderately wounded.
The water moccasin bites you.
You are poisoned.
The water moccasin poisons you! The water moccasin bites you.
You closely miss the water moccasin. You grab the water moccasin.
Your squeeze misses the water moccasin.
The water moccasin is moderately wounded.
You constrict the water moccasin.
You feel very sick. The water moccasin bites you!
It was a potion of resistance.
You feel protected.
You constrict the water moccasin.
You feel very sick. The water moccasin barely misses you.
The water moccasin bites you but does no damage.
Okay, then.
Unknown command.
You hit the water moccasin.
The water moccasin is heavily wounded.
You constrict the water moccasin.
You feel sick. The water moccasin bites you.
* * * LOW HITPOINT WARNING * * *
You hit the water moccasin but do no damage.
The water moccasin is severely wounded.
You constrict the water moccasin.
* * * LOW HITPOINT WARNING * * *
You feel sick. The water moccasin misses you.
You barely miss the water moccasin.
The water moccasin is severely wounded.
You constrict the water moccasin.
* * * LOW HITPOINT WARNING * * *
You feel sick. The water moccasin bites you.
* * * LOW HITPOINT WARNING * * *
The water moccasin bites you.
You die...

#.# #.#
##.#
##..#
#..##
#.##
###.#
#...#
#@###
#....S.#
...######


You could see a water moccasin.

Vanquished Creatures
  A black bear (D:6)
  Ijyb (D:3)
  Robin (D:2)
  An adder (D:3)
  A dart slug (D:2)
  4 ball pythons
  2 endoplasms (D:1)
  3 giant cockroaches
  13 goblins
  6 hobgoblins
  2 jackals (D:1)
  A quokka (D:1)
  2 bats
  4 frilled lizards (D:1)
  2 kobolds (D:1)
  A rat (D:1)
45 creatures vanquished.

Notes
Turn   | Place    | Note
-------+----------+-------------------------------------------
     0 | D:1      | D12ThenQuit the Octopode Artificer began the quest for the
                  | Orb.
     0 | D:1      | Reached XP level 1. HP: 13/13 MP: 1/1
    80 | D:1      | Reached skill level 2 in Stealth
   108 | D:1      | Reached XP level 2. HP: 14/18 MP: 2/2
   317 | D:1      | Reached skill level 3 in Stealth
   392 | D:1      | Reached XP level 3. HP: 24/24 MP: 3/3
   782 | D:2      | Noticed Robin
   793 | D:2      | Killed Robin
   800 | D:2      | Reached XP level 4. HP: 4/30 MP: 4/4
  1047 | D:2      | Noticed Terence
  1639 | D:3      | Reached skill level 4 in Stealth
  1705 | D:3      | Noticed Ijyb
  1721 | D:3      | Killed Ijyb
  1929 | D:3      | Noticed hgbash's ghost (weakling DEVM)
  1931 | D:3      | Found a transporter.
  1986 | D:3      | Found a transporter.
  2054 | D:3      | You fall into a shaft and drop 3 floors!
  2084 | D:6      | Noticed a black bear
  2115 | D:6      | Noticed a scorpion
  2136 | D:6      | Killed a black bear
  2137 | D:6      | Reached skill level 5 in Stealth
  2137 | D:6      | Reached skill level 1 in Conjurations
  2137 | D:6      | Reached XP level 5. HP: 16/36 MP: 5/5
  2236 | D:5      | Entered Level 5 of the Dungeon
  2287 | D:5      | Noticed a water moccasin
  2296 | D:5      | Slain by a water moccasin

Illustrated notes

Levels and vault maps discovered:
D:1:      dpeg_arrival_tiny_i, layout_loops_ring
D:2:      layout_loops_ring, uniq_terence, uniq_robin
D:3:      layout_basic, shapermc_ecumenical_altar_pompeii,
          gammafunk_ghost_arena, st_stairs_9, due_unseen_surprise, uniq_ijyb
D:5:      layout_basic, cheibrodos_sewer_entry_bend, lemuel_flamethrower_2
D:6:      layout_cave_pods, mainiacjoe_overflow_alcove_4, grunt_gozag_statues,
          gammafunk_ghost_gnarly_gnolls, st_stairs_2, uniq_maggie

Skill      XL: |  1  2  3  4 |
---------------+-------------+-----
Stealth        | 2 3 5 |  5.0
Fighting       | 2 3 |  3.5
Conjurations   | 1 |  1.8
Dodging        | |  2.3
Evocations     | |  3.2

Action                     |  1- 3 |  4- 6 || total
---------------------------+-------+-------++-------
  Melee: Club              |    18 |       ||    18
         Constrict         |    19 |     4 ||    23
         Tentacles         |    15 |     1 ||    16
         Dagger            |    42 |    25 ||    67
         Mace              |     2 |       ||     2
         Punch             |       |     1 ||     1
  Evoke: Wand              |     5 |     5 ||    10
    Use: Scroll            |       |     3 ||     3
         Potion            |       |     1 ||     1
   Stab: Sleeping          |     6 |       ||     6
 Armour: Skin              |    26 |    19 ||    45
  Dodge: Dodged            |    37 |    16 ||    53

Table legend: (Time is in decaauts)
 A = Elapsed time spent in this place.
 B = Non-inter-level travel time spent in this place.
 C = Inter-level travel time spent in this place.
 D = Time resting spent in this place.
 E = Time spent auto-exploring this place.
 F = Levels seen in this place.
 G = Mean time per level.
                   A        B        C        D        E       F      G
               +--------+--------+--------+--------+--------+-----+--------+
         Total |   2299 |   2191 |    108 |    261 |   1114 |   5 |  459.8 |
       Dungeon |   2299 |   2191 |    108 |    261 |   1114 |   5 |  459.8 |
               +--------+--------+--------+--------+--------+-----+--------+

Top non-repeatable levels by time:
     D:2: 833 daAuts
     D:1: 655 daAuts
     D:3: 570 daAuts
     D:6: 181 daAuts
     D:5: 58 daAuts
